 Dungeon Crawl Stone Soup version 0.28-a0-32-g8dfe7f97f6 (webtiles) character file.

Game seed: 4735100953067766005

171325 packetloss the Impaler (level 18, 0/219 HPs)
             Began as a Merfolk Summoner on July 27, 2021.
             Was a High Priest of Trog.
             Slain by a naga ritualist (2 damage)
             ... on level 4 of the Snake Pit.
             The game lasted 02:52:40 (46592 turns).

packetloss the Impaler (Merfolk Summoner)          Turns: 46592, Time: 02:52:41

Health: 0/219      AC: 19    Str: 15    XL:     18   Next: 1%
Magic:  4/4        EV: 22    Int: 16    God:    Trog [*****.]
Gold:   2013       SH:  5    Dex: 23    Spells: 18/21 levels left

rFire   . . .      SeeInvis +   a - +6 glaive (antimagic)
rCold   + . .      Faith    .   (shield currently unavailable)
rNeg    . . .      Spirit   .   O - +0 acid dragon scales
rPois   x          Reflect  +   V - +1 hat {SInv}
rElec   .          Harm     .   x - +1 cloak {rCorr}
rCorr   +          Rampage  .   z - +2 pair of gloves {archery}
Will    +++..                   I - +2 pair of boots
Stlth   ..........              A - amulet of Xynewadde {Reflect rC+ SH+5 Stlth+}
HPRegen 1.46/turn               c - +4 ring of slaying
MPRegen 0.09/turn               Z - ring "Rizun" {MP-9 Str+2 Dex+7 SInv}

@: berserking, lethally poisoned (0 -> -40), strong-willed, poison vulnerable,
regenerating, constricted, very quick
A: (nimble swimmer 2), mertail
a: Renounce Religion, Berserk, Trog's Hand, Brothers in Arms


You were on level 4 of the Snake Pit.
You worshipped Trog.
Trog was extremely pleased with you.
You visited 4 branches of the dungeon, and saw 27 of its levels.
You also visited: Gauntlet, Ice Cave and Volcano.

You collected 2981 gold pieces.
You spent 968 gold pieces at shops.

Inventory:

Hand Weapons
 a - a +6 antimagic glaive (weapon)
 b - a +2 hand crossbow of flaming
 k - a +0 triple crossbow of freezing
 p - the +5 short sword "Negrez" {freeze, rElec rC+ Will+}
   (You found it on level 4 of the Dungeon)

   It freezes those it strikes, dealing additional cold damage.
   It can also slow down cold-blooded creatures.
   rC:        It protects you from cold.
   rElec:     It insulates you from electricity.
   Will:      It increases your willpower.
 E - a +0 bardiche of flaming
 H - a +2 trident of venom
Missiles
 m - 216 bolts
 o - 5 boomerangs of dispersal
 w - 12 throwing nets
Armour
 q - a +2 buckler
 s - +0 ice dragon scales
 x - a +1 cloak of preservation (worn)
 z - a +2 pair of gloves of archery (worn)
 I - a +2 pair of boots (worn)
 O - +0 acid dragon scales (worn)
 V - a +1 hat of see invisible (worn)
Jewellery
 c - a +4 ring of slaying (left hand)
 d - the amulet "Ofao" {Acrobat rC++}
   (You found it in a Gauntlet)

   [amulet of the acrobat]

   It increases your evasion while moving and waiting.
   rC:        It greatly protects you from cold.
 A - the amulet of Xynewadde (around neck) {Reflect rC+ SH+5 Stlth+}
   (You found it in an ice cave)

   [amulet of reflection]

   It reflects blocked missile attacks.
   rC:        It protects you from cold.
   SH:        It affects your SH (+5).
   Stlth:     It makes you more stealthy.
 F - a ring of ice
 G - the brooch of Shielding {Spirit SH+8}
   (You acquired it on level 10 of the Dungeon)

   [amulet of guardian spirit]

   It causes incoming damage to be divided between your reserves of health and
   magic.
   SH:        It affects your SH (+8).
 S - a +6 ring of dexterity
 T - a ring "Golunij" {rCorr Str+6 Int+5}
   (You found it in an ice cave)

   [ring of strength]

   Str:       It affects your strength (+6).
   Int:       It affects your intelligence (+5).
   rCorr:     It protects you from acid and corrosion.
 Z - the ring "Rizun" (right hand) {MP-9 Str+2 Dex+7 SInv}
   (You found it in an ice cave)

   [ring of see invisible]

   Str:       It affects your strength (+2).
   Dex:       It affects your dexterity (+7).
   MP:        It affects your magic capacity (-9).
   SInv:      It lets you see invisible.
Wands
 n - a wand of acid (28)
 u - a wand of paralysis (26)
 y - a wand of mindburst (28)
 B - a wand of polymorph (44)
 D - a wand of digging (15)
 K - a wand of iceblast (24)
 M - a wand of charming (17)
 Y - a wand of flame (100)
Scrolls
 e - 4 scrolls of fear
 g - 3 scrolls of summoning
 h - 2 scrolls of enchant weapon
 j - 2 scrolls of blinking
 l - 3 scrolls of teleportation
 t - 8 scrolls of magic mapping
 Q - 2 scrolls of identify
 U - 6 scrolls of enchant armour
 X - a scroll of fog
Potions
 f - 2 potions of heal wounds
 r - a potion of cancellation
 v - 3 potions of flight
 C - 6 potions of curing
 J - 6 potions of might
 L - 4 potions of haste
 N - a potion of resistance
 P - 9 potions of ambrosia
 W - a potion of invisibility
Miscellaneous
 i - a condenser vane
 R - a box of beasts


   Skills:
 - Level 14.0 Fighting
 - Level 4.0 Short Blades
 - Level 20.0 Polearms
 + Level 11.1 Crossbows
 - Level 10.4 Armour
 - Level 16.5 Dodging
 - Level 2.1 Stealth
 - Level 6.8 Shields
 - Level 2.0 Spellcasting
 - Level 4.0 Summonings
 - Level 8.0 Evocations


You had 18 spell levels left.
You knew the following spells:

 Your Spells              Type           Power      Damage    Failure   Level
a - Summon Small Mammal   Summ           56%        N/A       4%          1
b - Call Imp              Summ           14%        N/A       8%          2

Your spell library contained the following spells:

 Spells                   Type           Power      Damage    Failure   Level
 Call Canine Familiar     Summ           14%        N/A       16%         3
 Summon Guardian Golem    Hex/Summ       8%         N/A       34%         3
 Slow                     Hex            1%         N/A       36%         2
 Confusing Touch          Hex            1%         N/A       61%         3
 Vampiric Draining        Necr           0%         2d6       61%         3
 Animate Armour           Summ/Erth      16%        N/A       75%         4
 Summon Lightning Spire   Summ/Air       8%         N/A       75%         4
 Iskenderun's Mystic Bla  Conj/Tloc      1%         2d3       95%         4
 Olgreb's Toxic Radiance  Pois           1%         N/A       95%         4
 Petrify                  Tmut/Erth      1%         N/A       95%         4
 Freezing Cloud           Conj/Ice/Air   0%         6-21      100%        5
 Metabolic Englaciation   Hex/Ice        0%         N/A       100%        5
 Polar Vortex             Ice            0%         N/A       100%        9


Dungeon Overview and Level Annotations

Branches:
Dungeon (15/15)            Temple (0/1) D:5            Lair (6/6) D:10
  Swamp (0/4) Lair:2        Snake (4/4) Lair:3        Slime (0/5) Lair:5
    Orc (2/2) D:11            Elf (0/3) Orc:2        Vaults (0/5) D:13
  IceCv (visited)         Volcano (visited)         Gauntlet (visited)
 Depths: D:15

Altars:
Fedhas
Sif Muna
Trog
Vehumet
Yredelemnul
Beogh
Lugonu

Shops:
D:3 ![:   D:5 [   D:9 (   D:13 [   D:14 ?   Orc:2 [*=(   Snake:3 [?

Portals:
Abyss: Lair:6

Annotations:
D:7 3 runed translucent doors, LadonLegend's ghost, novice TeAE; Rallik's ghost, novice DgCj; Spectrina's ghost, weakling DjDe; pkoi's ghost, novice TrMo
D:8 3 runed translucent doors, Rallik's ghost, novice GrFi
Lair:2 3 runed translucent doors, exclusion: hydra, LadonLegend's ghost, journeyman TrMo


Innate Abilities, Weirdness & Mutations

((You are quick and stealthy near water. (Stealth+, EV+, Speed+++)))
Your lower body shifts to a powerful aquatic tail in water.


Message History

You slash the salamander mystic!
The salamander mystic's magic leaks into the air.
The salamander mystic is almost dead.
You feel very sick.
The naga ritualist mumbles some strange prayers to its god.
The naga ritualist begins to radiate toxic energy.
* * * LOW HITPOINT WARNING * * *
You are lethally poisoned!
* * * LOW HITPOINT WARNING * * *
The naga ritualist constricts you.
Warning x2: The salamander mystic can haste allies, and casts Bolt of Magma and IMB!
The naga ritualist (fast, toxic aura) can remove poison resistance, and do damage over time with toxic radiance!
You take 5 damage, and have 21/219 hp.
You slice the salamander mystic!!
You kill the salamander mystic!
Trog accepts your kill.
Trog appreciates your killing of a magic user.
* * * LOW HITPOINT WARNING * * *
You feel very sick.
* * * LOW HITPOINT WARNING * * *
You are more poisoned.
Spoiler Alert: The naga ritualist (fast, toxic aura) can remove poison resistance, and do damage over time with toxic radiance!
You take 9 damage, and have 12/219 hp.
You barely miss the naga ritualist.
The naga ritualist is lightly wounded.
* * * LOW HITPOINT WARNING * * *
You feel very sick.
The naga ritualist completely misses you.
The naga ritualist constricts you.
Spoiler Alert: The naga ritualist (fast, toxic aura) can remove poison resistance, and do damage over time with toxic radiance!
You take 4 damage, and have 8/219 hp.
You hit the naga ritualist.
The naga ritualist is lightly wounded.
* * * LOW HITPOINT WARNING * * *
You feel very sick.
* * * LOW HITPOINT WARNING * * *
You are more poisoned.
The naga ritualist spits poison at you.
The splash of poison hits you but does no damage.
You are more poisoned.
You die...

..##
.§≈≈.≈...##..###...........#
.##
.≈≈≈≈≈≈...##..####...#......
.# §≈≈§≈≈≈... #..##
#....##.##. ##
#§§≈≈≈≈#'####.)#####......##
..§§≈≈......#.)..)<...)...#
...§≈..§§...#.....)..)....##
...≈≈(§.....#.....)...).....
#
..≈≈≈§§)§§.N#...#..<####....
#
.≈≈≈≈≈§(..§@#.###.....##.#..
# ≈≈≈§§≈≈≈≈≈).###
##....##.... ≈≈§≈≈≈≈≈≈≈..)##
#....###... ########≈≈≈.).##
##...###... ###≈≈§.§##
##.).##.#. ##≈§≈§.##
##.....#. ##§§§..## #.##(...
##§§§.§###.......
##≈≈≈..##.####..


You could see a naga ritualist (fast, toxic aura, catching breath).

Vanquished Creatures
  A golden dragon (IceCv)
  Jorgrun (D:14)
  Asterion (Snake:1)
  2 nagarajas
  A red draconian (Volcano)
  A minotaur (Gauntlet)
  Snorg (D:13)
  3 vault guards (D:13)
  2 boulder beetles
  Harold (D:11)
  6 naga warriors
  An ogre mage (Volcano)
  12 anacondas
  Erolcha (D:9)
  7 hydras
  3 catoblepae
  2 salamander tyrants (Snake:3)
  Erica (Orc:1)
  5 ice dragons (IceCv)
  4 centaur warriors
  7 two-headed ogres
  3 tengu warriors
  An orc high priest (Orc:1)
  2 thrashing horrors (Lair:6)
  5 shock serpents
  10 naga sharpshooters
  8 skeletal warriors
  3 salamander mystics
  6 naga ritualists
  A wizard (D:15)
  3 lindwurms
  3 orc knights (Orc:2)
  An orange crystal statue (IceCv)
  9 mana vipers
  5 deep elf pyromancers
  A deep elf zephyrmancer (D:15)
  A harpy (shapeshifter) (D:13)
  3 ugly things
  5 orc sorcerers
  3 cyclopes
  6 elephants
  15 salamanders
  13 naga magi
  2 torpor snails
  38 black mambas
  Maurice (D:13)
  4 smoke demons (Lair:6)
  4 guardian serpents
  An eye of devastation (Lair:5)
  2 gargoyles (D:12)
  4 storm dragon simulacra (IceCv)
  A molten gargoyle (Volcano)
  3 kobold demonologists
  12 cane toads
  A rime drake (Lair:5)
  An unseen horror (D:13)
  7 komodo dragons
  An efreet (D:14)
  2 minotaur zombies (Gauntlet)
  9 golden dragon simulacra (IceCv)
  3 ancient zymes (Lair:6)
  6 trolls
  A polar bear (Lair:5)
  A queen bee (D:11)
  A hornet (shapeshifter) (D:15)
  Prince Ribbit (D:5)
  A raiju (Gauntlet)
  39 blink frogs
  3 large abominations (Lair:6)
  2 shadows
  A fire elemental (Gauntlet)
  4 wyverns
  3 wraiths
  59 yaks
  Eustachio (D:6)
  6 basilisks
  10 humans
  5 fire bats (Volcano)
  A golden eye (shapeshifter) (Lair:6)
  2 steam dragons
  17 vampire mosquitoes
  A swamp worm (Lair:1)
  4 wargs
  3 acid dragons
  An acid dragon (shapeshifter) (Lair:6)
  14 water moccasins
  43 nagas
  A floating eye (Lair:5)
  An ice beast (D:8)
  2 necrophages
  2 black bears
  27 orc warriors
  4 ice dragon simulacra (IceCv)
  11 ogres
  12 centaurs
  A phantom (D:4)
  10 small abominations (Lair:6)
  4 kobold brigands
  13 bullfrogs
  6 gnoll sergeants
  4 scorpions
  A water moccasin skeleton (D:5)
  29 killer bees
  3 lindwurm simulacra (IceCv)
  An electric eel (D:6)
  3 howler monkeys
  5 centaur zombies
  6 lava snakes (Volcano)
  A bullfrog zombie (D:6)
  6 hounds
  2 jellies
  21 orc priests
  2 centaur skeletons
  An iguana (D:7)
  2 gnoll shamans (D:6)
  24 orc wizards
  A lightning spire (Gauntlet)
  A scorpion zombie (D:5)
  A hound zombie (D:5)
  A howler monkey zombie (D:10)
  25 gnolls
  7 adders
  A shadow imp (D:4)
  A white imp (D:7)
  A worm (D:3)
  A dart slug (D:3)
  68 orcs
  8 bats
  6 endoplasms
  7 giant cockroaches
  9 goblins
  6 hobgoblins
  9 jackals
  A quokka (D:2)
  4 ball pythons
  2 frilled lizards
  14 kobolds
  3 rats (D:2)
878 creatures vanquished.

Vanquished Creatures (collateral kills)
  Saint Roka (Orc:2)
  An orc high priest (Orc:2)
  An orc sorcerer (Orc:2)
  4 orc warriors
  A gnoll sergeant (D:6)
  An orc priest (Orc:2)
  An orc wizard (Orc:2)
  A gnoll (D:6)
  A howler monkey skeleton (D:6)
  A dart slug (D:1)
  4 orcs
  6 bats (D:1)
  2 endoplasms (D:1)
  A goblin (D:3)
  3 hobgoblins (D:1)
  4 jackals (D:1)
  A ball python (D:1)
  2 kobolds (D:1)
36 creatures vanquished.

Vanquished Creatures (others)
  A storm dragon simulacrum (IceCv)
  A komodo dragon (Lair:3)
  30 fungi
  33 plants
  2 withered plants (D:7)
67 creatures vanquished.

Grand Total: 981 creatures vanquished

Notes
Turn   | Place    | Note
-------+----------+-------------------------------------------
     0 | D:1      | packetloss the Merfolk Summoner began the quest for the
                  | Orb.
     0 | D:1      | Reached XP level 1. HP: 13/13 MP: 3/3
   237 | D:1      | Reached skill level 1 in Fighting
   636 | D:1      | You fall into a shaft and drop 1 floor!
   645 | D:3      | Found Zatic's Book Boutique.
   728 | D:1      | Reached XP level 2. HP: 21/22 MP: 3/5
   736 | D:1      | Learned a level 2 spell: Call Imp
   880 | D:1      | Reached skill level 2 in Fighting
  1041 | D:1      | HP: 3/23 [kobold (3)]
  1415 | D:1      | Reached XP level 3. HP: 24/28 MP: 3/6
  1721 | D:1      | Found a faded altar of an unknown god.
  1725 | D:1      | Became a worshipper of Trog the Wrathful
  1725 | D:1      | Reached * piety under Trog
  1823 | D:1      | Reached skill level 3 in Fighting
  2550 | D:2      | Found a shimmering blue altar of Sif Muna.
  2777 | D:3      | Found Avoahis's Distillery.
  2962 | D:3      | You are sucked into a shaft and drop 3 floors!
  2968 | D:5      | Entered Level 5 of the Dungeon
  2974 | D:5      | Reached skill level 4 in Fighting
  2974 | D:5      | Reached XP level 4. HP: 38/38 MP: 7/7
  3030 | D:5      | Noticed Prince Ribbit
  3038 | D:4      | Noticed an ogre
  3045 | D:4      | Killed an ogre
  3046 | D:4      | Reached skill level 5 in Fighting
  3046 | D:4      | Reached XP level 5. HP: 43/44 MP: 8/8
  3256 | D:3      | Reached skill level 1 in Evocations
  3256 | D:3      | Reached ** piety under Trog
  3602 | D:3      | Found Bugean's Armour Emporium.
  3915 | D:3      | Noticed an ice beast
  3918 | D:3      | Reached XP level 6. HP: 52/52 MP: 9/9
  4257 | D:3      | Reached skill level 1 in Polearms
  4410 | D:3      | Reached skill level 6 in Fighting
  4424 | D:3      | Reached skill level 2 in Polearms
  4424 | D:3      | Reached skill level 2 in Evocations
  4872 | D:4      | HP: 19/78 [acid (2)]
  5167 | D:3      | Reached skill level 3 in Polearms
  5244 | D:4      | Reached skill level 3 in Evocations
  5244 | D:4      | Reached XP level 7. HP: 58/58 MP: 10/10
  5428 | D:4      | Reached skill level 4 in Polearms
  5444 | D:4      | Identified the +5 short sword "Negrez" {freeze, rElec rC+
                  | Will+}
  5729 | D:5      | Killed Prince Ribbit
  5730 | D:5      | Reached skill level 2 in Short Blades
  5730 | D:5      | Reached skill level 4 in Evocations
  5856 | D:5      | Reached skill level 3 in Short Blades
  5902 | D:5      | Reached skill level 4 in Short Blades
  5902 | D:5      | Reached XP level 8. HP: 31/64 MP: 11/11
  6094 | D:4      | Reached skill level 5 in Polearms
  6235 | D:5      | Reached skill level 6 in Polearms
  6408 | D:4      | Reached skill level 7 in Polearms
  6412 | D:4      | Reached *** piety under Trog
  6582 | D:4      | Reached skill level 8 in Polearms
  7114 | D:5      | Reached skill level 9 in Polearms
  7349 | D:5      | Reached skill level 10 in Polearms
  7449 | D:5      | Found a blossoming altar of Fedhas.
  7463 | D:5      | Found a staircase to the Ecumenical Temple.
  7546 | D:5      | Found Zuer's Antique Armour Emporium.
  7784 | D:6      | Noticed a wraith
  7787 | D:6      | Reached skill level 3 in Dodging
  7802 | D:6      | HP: 16/64 [wraith (9)]
  7803 | D:6      | HP: 7/64 [wraith (10)]
  7804 | D:6      | Killed a wraith
  7805 | D:6      | Reached skill level 1 in Armour
  7805 | D:6      | Reached skill level 1 in Shields
  7805 | D:6      | Reached XP level 9. HP: 8/69 MP: 12/12
  8147 | D:6      | Reached skill level 4 in Dodging
  8147 | D:6      | Reached skill level 2 in Shields
  8844 | D:6      | Noticed Eustachio
  8850 | D:6      | Reached skill level 2 in Armour
  9130 | D:6      | Reached skill level 5 in Dodging
  9130 | D:6      | Reached skill level 3 in Shields
  9695 | D:6      | Reached **** piety under Trog
  9924 | D:6      | Killed Eustachio
 10470 | D:7      | Reached skill level 6 in Dodging
 10492 | D:7      | Reached skill level 3 in Armour
 10492 | D:7      | Reached skill level 4 in Shields
 11072 | D:7      | Reached XP level 10. HP: 65/76 MP: 13/13
 11403 | D:7      | Reached skill level 11 in Polearms
 11865 | D:7      | Found a runed translucent gate.
 11879 | D:7      | Found a runed translucent gate.
 11879 | D:7      | Noticed Spectrina's ghost (weakling DjDe)
 11880 | D:7      | Found a runed translucent gate.
 11880 | D:7      | Noticed Rallik's ghost (novice DgCj)
 11880 | D:7      | Noticed pkoi's ghost (novice TrMo)
 11880 | D:7      | Noticed LadonLegend's ghost (novice TeAE)
 12185 | D:8      | Reached skill level 7 in Dodging
 12332 | D:7      | Reached skill level 5 in Shields
 12850 | D:8      | Identified the +1 ring mail of Nuohiry {rC+}
 12997 | D:8      | Reached skill level 4 in Armour
 12997 | D:8      | Reached skill level 5 in Evocations
 13032 | D:8      | Reached ***** piety under Trog
 13244 | D:8      | Noticed a gargoyle
 13246 | D:8      | Noticed Rallik's ghost (novice GrFi)
 13247 | D:8      | Noticed a seven-headed hydra
 13349 | D:8      | Found a runed translucent gate.
 13349 | D:8      | Found a runed translucent gate.
 13351 | D:8      | Found a runed translucent gate.
 13681 | D:9      | Noticed Erolcha
 13795 | D:9      | Reached skill level 8 in Dodging
 14028 | D:9      | Reached skill level 12 in Polearms
 14053 | D:9      | Reached XP level 11. HP: 49/81 MP: 14/14
 14316 | D:9      | Reached skill level 6 in Shields
 14692 | D:9      | Noticed a deep elf pyromancer
 14704 | D:9      | Killed a deep elf pyromancer
 14799 | D:9      | Reached skill level 6 in Evocations
 15385 | D:9      | Killed Erolcha
 15693 | D:9      | Reached skill level 9 in Dodging
 15780 | D:9      | Reached skill level 7 in Fighting
 15792 | D:9      | Reached skill level 5 in Armour
 15881 | D:9      | Found Cefucseb's Weapon Boutique.
 16049 | D:10     | Entered Level 10 of the Dungeon
 16124 | D:10     | Found a staircase to the Lair.
 16772 | D:10     | Identified a scroll of acquirement
 16772 | D:10     | Acquired the brooch of Shielding {Spirit SH+8}
 16773 | D:10     | Found the brooch of Shielding {Spirit SH+8}
 16808 | D:11     | Received a gift from Trog
 16818 | D:11     | Noticed a brown ugly thing
 16876 | Lair:1   | Entered Level 1 of the Lair of Beasts
 16893 | Lair:1   | Reached skill level 13 in Polearms
 17233 | Lair:1   | You fall into a shaft and drop 1 floor!
 17276 | Lair:2   | Reached skill level 10 in Dodging
 17280 | Lair:2   | Reached skill level 8 in Fighting
 17280 | Lair:2   | Reached XP level 12. HP: 67/92 MP: 12/15
 17464 | Lair:2   | Found a runed translucent gate.
 17464 | Lair:2   | Found a runed translucent gate.
 17473 | Lair:2   | Found a runed translucent gate.
 18185 | Lair:1   | Reached skill level 6 in Armour
 18362 | Lair:2   | Noticed LadonLegend's ghost (journeyman TrMo)
 18530 | Lair:2   | Noticed a four-headed hydra
 18891 | Lair:3   | Reached skill level 14 in Polearms
 18936 | Lair:3   | Found a staircase to the Snake Pit.
 18947 | Lair:3   | Reached skill level 9 in Fighting
 18947 | Lair:3   | Reached skill level 11 in Dodging
 19095 | Lair:3   | Found a dark tunnel.
 19189 | Volcano  | Entered a volcano
 19419 | Volcano  | Noticed a two-headed ogre
 19419 | Volcano  | Noticed a two-headed ogre
 19453 | Volcano  | Killed a two-headed ogre
 19554 | Volcano  | Noticed a two-headed ogre
 19556 | Volcano  | Noticed a red draconian
 19572 | Volcano  | Killed a two-headed ogre
 19591 | Volcano  | Killed a two-headed ogre
 19592 | Volcano  | Reached skill level 7 in Armour
 19596 | Volcano  | Noticed an ogre mage
 19607 | Volcano  | Killed an ogre mage
 19608 | Volcano  | Reached skill level 12 in Dodging
 19621 | Volcano  | Noticed a two-headed ogre
 19629 | Volcano  | Noticed a two-headed ogre
 19641 | Volcano  | Killed a red draconian
 19641 | Volcano  | Killed a two-headed ogre
 19642 | Volcano  | Reached skill level 10 in Fighting
 19642 | Volcano  | Reached XP level 13. HP: 62/103 MP: 9/16
 19869 | Volcano  | Found a bloodstained altar of Trog.
 20038 | Lair:3   | Identified the +2 ring mail of Happy Babbling {rCorr}
 20901 | Lair:3   | Reached skill level 13 in Dodging
 21018 | Lair:4   | Reached skill level 11 in Fighting
 21034 | Lair:4   | Reached skill level 8 in Armour
 21366 | Lair:4   | Identified the +10 long sword of Profit {pain, Str+6 Dex+4
                  | SInv Stlth-}
 22014 | Lair:5   | Received a gift from Trog
 22212 | Lair:5   | Reached skill level 14 in Dodging
 22384 | Lair:5   | Found a staircase to the Slime Pits.
 22629 | Lair:5   | Reached XP level 14. HP: 114/114 MP: 17/17
 22798 | Lair:6   | Entered Level 6 of the Lair of Beasts
 22862 | Lair:6   | Found a gate leading to a gauntlet.
 22875 | Gauntlet | Entered a Gauntlet
 22875 | Gauntlet | Found a transporter.
 22884 | Gauntlet | Found a transporter.
 22899 | Gauntlet | Found a transporter.
 22900 | Gauntlet | Found a transporter.
 22920 | Gauntlet | Found a transporter.
 22933 | Gauntlet | Found a transporter.
 22937 | Gauntlet | Found a transporter.
 22941 | Gauntlet | Found a transporter.
 22960 | Gauntlet | Found a transporter.
 22977 | Gauntlet | Found a transporter.
 22981 | Gauntlet | Found a transporter.
 22983 | Gauntlet | Found a runed translucent gate.
 22983 | Gauntlet | Found a runed translucent gate.
 22983 | Gauntlet | Found a runed translucent gate.
 22989 | Gauntlet | Found a transporter.
 23005 | Gauntlet | Noticed a dire elephant
 23074 | Gauntlet | Identified the amulet "Ofao" {Acrobat rC++}
 23288 | Gauntlet | Identified the +6 falchion "Ziextemu" {antimagic, rPois
                  | SInv}
 23290 | Gauntlet | Got the Compendium of Icy Enchantment
 23399 | Lair:6   | Reached skill level 12 in Fighting
 23490 | Lair:6   | Reached skill level 7 in Evocations
 23966 | Lair:6   | Reached skill level 9 in Armour
 24080 | Lair:6   | Got Sophisticated Spellcraft
 24184 | Lair:6   | Received a gift from Trog
 24322 | Lair:6   | Reached skill level 8 in Evocations
 24695 | Lair:6   | Found a corrupted altar of Lugonu.
 24695 | Lair:6   | Found a one-way gate to the infinite horrors of the Abyss.
 24803 | Lair:6   | Reached skill level 15 in Dodging
 26005 | D:11     | Found a staircase to the Orcish Mines.
 26029 | Orc:1    | Entered Level 1 of the Orcish Mines
 26029 | Orc:1    | Noticed Harold
 26160 | D:11     | Killed Harold
 26161 | D:11     | Reached skill level 13 in Fighting
 26423 | D:11     | Reached ****** piety under Trog
 26451 | Orc:1    | Received a gift from Trog
 27033 | Orc:2    | Entered Level 2 of the Orcish Mines
 27071 | Orc:1    | Reached XP level 15. HP: 117/123 MP: 18/18
 27216 | Orc:2    | Found a staircase to the Elven Halls.
 27697 | Orc:2    | Paralysed by an orc sorcerer for 2 turns
 27702 | Orc:2    | Paralysed by an orc sorcerer for 7 turns
 27708 | Orc:2    | HP: 29/124 [sixfirhy[an orc sorcerer] (8)]
 28084 | Orc:2    | Noticed Saint Roka
 28097 | Orc:2    | Reached skill level 1 in Crossbows
 28452 | Orc:1    | Received a gift from Trog
 28719 | Orc:1    | Noticed Erica
 28729 | Orc:1    | Killed Erica
 28730 | Orc:1    | Reached skill level 10 in Armour
 28913 | Orc:2    | Killed Saint Roka
 28914 | Orc:2    | Reached skill level 2 in Crossbows
 28919 | Orc:2    | Reached skill level 16 in Dodging
 28954 | Orc:2    | Found Viur's Antique Weapon Emporium.
 28973 | Orc:2    | Found Cotry's General Store.
 28996 | Orc:2    | Found Ituypt's Antique Armour Emporium.
 29019 | Orc:2    | Found Naff's Jewellery Emporium.
 29169 | Snake:1  | Entered Level 1 of the Snake Pit
 30265 | Snake:1  | Noticed Asterion
 30293 | Snake:1  | HP: 45/187 [poisoned by Asterion]
 30296 | Snake:1  | HP: 22/187 [poisoned by Asterion]
 30297 | Snake:1  | Killed Asterion
 30298 | Snake:1  | Reached skill level 3 in Crossbows
 30301 | Snake:1  | HP: 10/187 [poisoned by Asterion]
 30303 | Snake:1  | HP: 4/125 [poisoned by Asterion]
 30308 | Snake:1  | HP: 28/125 [poisoned by Asterion]
 31647 | Snake:2  | Reached skill level 14 in Fighting
 31755 | Snake:2  | Received a gift from Trog
 31890 | Snake:2  | HP: 29/126 [poisoned by a naga ritualist (toxic radiance)]
 31895 | Snake:2  | HP: 18/189 [poisoned by a naga ritualist (toxic radiance)]
 31897 | Snake:2  | HP: 6/126 [poisoned by a naga ritualist (toxic radiance)]
 31902 | Snake:2  | HP: 7/126 [poisoned by a naga ritualist (toxic radiance)]
 31916 | Snake:2  | Noticed a nagaraja
 32633 | D:13     | Found a radiant altar of Vehumet.
 32634 | D:13     | Identified a +1 cloak of preservation
 32634 | D:13     | Noticed Maurice
 32648 | D:13     | Killed Maurice
 33055 | D:12     | Acquired a +2 pair of gloves of archery
 33244 | D:12     | Found a bloodstained altar of Trog.
 33307 | D:12     | Reached skill level 15 in Polearms
 33403 | D:12     | Reached XP level 16. HP: 117/133 MP: 5/19
 33951 | D:13     | Found Emywniv's Armour Boutique.
 34008 | D:13     | Reached skill level 16 in Polearms
 34022 | D:13     | Received a gift from Trog
 34319 | D:13     | Reached skill level 17 in Polearms
 34906 | D:13     | Found a gate to the Vaults.
 35107 | D:13     | Noticed Snorg
 35118 | D:13     | Killed Snorg
 35395 | D:14     | Found a frozen archway.
 35416 | IceCv    | Entered an ice cave
 35836 | IceCv    | Reached skill level 18 in Polearms
 36786 | IceCv    | Noticed a golden dragon
 36948 | IceCv    | Received a gift from Trog
 37229 | IceCv    | Killed a golden dragon
 37244 | IceCv    | Reached skill level 19 in Polearms
 37569 | IceCv    | Identified the ring "Rizun" {MP-9 Str+2 Dex+7 SInv}
 37571 | IceCv    | Identified a ring "Golunij" {rCorr Str+6 Int+5}
 37578 | IceCv    | Identified the amulet of Xynewadde {Reflect rC+ SH+5
                  | Stlth+}
 38320 | D:14     | Found Urhaescholu's Magic Scroll Shop.
 38444 | D:14     | Noticed Jorgrun
 38468 | D:14     | Killed Jorgrun
 38702 | D:15     | Entered Level 15 of the Dungeon
 38987 | D:15     | Reached skill level 20 in Polearms
 38991 | D:15     | Reached skill level 4 in Crossbows
 39339 | D:14     | Bought 2 scrolls of blinking for 195 gold pieces
 39339 | D:14     | Bought a scroll of enchant armour for 97 gold pieces
 39341 | D:14     | Bought a scroll of acquirement for 676 gold pieces
 39341 | D:14     | Acquired a +0 triple crossbow of freezing
 39682 | Snake:2  | Killed a nagaraja
 39745 | Snake:2  | Reached skill level 5 in Crossbows
 39784 | Snake:2  | Reached XP level 17. HP: 39/139 MP: 3/20
 39788 | Snake:2  | HP: 34/139 [poisoned by a naga sharpshooter (splash of
                  | poison)]
 40567 | Snake:2  | Reached skill level 6 in Crossbows
 40907 | Snake:2  | Found a basalt altar of Yredelemnul.
 41272 | Snake:3  | Reached skill level 7 in Crossbows
 42043 | Snake:3  | HP: 46/208 [naga (11)]
 42053 | Snake:3  | HP: 37/208 [naga (10)]
 42059 | Snake:4  | Entered Level 4 of the Snake Pit
 42082 | Snake:3  | Reached skill level 8 in Crossbows
 42853 | Snake:3  | Identified the +7 short sword of Action {vorpal, rF+ SInv}
 42903 | Snake:3  | Found Nyxzot's Antique Armour Emporium.
 43007 | Snake:3  | Reached skill level 9 in Crossbows
 43121 | Snake:3  | Found Resmich's Magic Scroll Boutique.
 44889 | Snake:4  | Reached skill level 10 in Crossbows
 45076 | Snake:4  | Received a gift from Trog
 46499 | Snake:4  | Reached skill level 11 in Crossbows
 46565 | Snake:4  | Reached XP level 18. HP: 130/146 MP: 4/21
 46582 | Snake:4  | HP: 35/146 [poisoned by a naga ritualist (toxic radiance)]
 46587 | Snake:4  | HP: 31/219 [poisoned by a naga ritualist (toxic radiance)]
 46590 | Snake:4  | HP: 12/219 [naga ritualist/Olgreb's Toxic Radiance (4)]
 46592 | Snake:4  | HP: 5/219 [poisoned by a naga ritualist (toxic radiance)]
 46592 | Snake:4  | HP: 2/219 [naga ritualist/Olgreb's Toxic Radiance (3)]
 46592 | Snake:4  | Slain by a naga ritualist

Illustrated notes

Levels and vault maps discovered:
D:1:      dpeg_arrival_boxorama, layout_basic,
          shapermc_ecumenical_altar_acropolis
D:2:      layout_rooms, basic_altar
D:3:      minmay_chambers_of_threes, layout_loops_ring, serial_shops,
          shop_statue, nicolae_shop_stone, shop, portal_sewer_entry_d,
          kennysheep_orc_chapel
D:4:      layout_basic
D:5:      layout_rooms, fedhas_altar_2, minmay_temple_entry_statues_pillars,
          serial_shops, nicolae_shop_statue_plus, item_on_display_b,
          uniq_prince_ribbit1
D:6:      layout_cave_pools, serial_gnoll_camp, gnoll_camp_mini_basic,
          gnoll_camp_mini_hut, gnoll_camp_huts_basic, gnoll_camp_medium_01,
          kennysheep_donut, uniq_eustachio
D:7:      layout_loops_corners, gammafunk_ghost_cemetery,
          kennysheep_generic_room_14
D:8:      layout_gridville, gammafunk_ghost_split
D:9:      minmay_opposing_rooms, layout_basic, serial_shops,
          kennysheep_mini_moat, serial_corexii_hall, corexii_hall_statues_l,
          chequers_hall_statues_corner_a, serial_bayou_pond_e, uniq_erolcha
D:10:     layout_basic, lair_entry_dummy, kennysheep_generic_room_9
D:11:     layout_roguey, erik_orc_4, special_room [special_room_bee]
D:12:     layout_irregular_city, st_stairs_3, trog_antimagical
D:13:     layout_loops_ring, ximxim_vaults_locker_room, serial_shops, shop,
          vehumet_altar_wand_db, uniq_snorg, uniq_maurice
D:14:     layout_grid_maze, portal_ice_cave_entry_pillars_1,
          hangedman_abyss_or_decor_clamps, serial_shops, shop, uniq_jorgrun
D:15:     grunt_enter_depths_magical_seal, layout_long_grid,
          serial_bayou_pond_a, minmay_fractal_squares_diagonal_5
Lair:1:   layout_regular_city, worms_lemuel
Lair:2:   layout_hall_layers, palyth_hydra_swamp_entry, gammafunk_ghost_icy
Lair:3:   layout_big_grid, minmay_snake_entry_six_corridors,
          lightli_volcano_entry_magma_tube
Lair:4:   layout_gridlike
Lair:5:   layout_regular_city, minmay_slime_entry_eyes
Lair:6:   hellmonk_lair_end_abyssal_woods, layout_loops_ring,
          gauntlet_entry_generic, grunt_megastairs_3, lemuel_fruit_fields
Snake:1:  layout_onion_interference, grunt_megastairs_5, uniq_asterion
Snake:2:  layout_chambers, basic_altar
Snake:3:  layout_rooms, serial_shops, nicolae_diamond_shop, minmay_shop_star
Snake:4:  snake_pit_salamanders_mu, layout_misc_corridors
Orc:1:    layout_caves, lightli_orcish_oven, uniq_harold, uniq_erica
Orc:2:    grunt_orc_cross, layout_caves, basic_altar, nicolae_orc_tapped_out

Skill      XL: |  1  2  3  4  5  6  7  8  9 10 11 12 13 14 15 16 17 |
---------------+----------------------------------------------------+-----
Fighting       | 1 2 4 5 6 8 10 11 13 14 | 14.0
Evocations     | 1 3 4 5 6 8 |  8.0
Polearms       | 3 4 10 12 13 14 15 20 | 20.0
Short Blades   | 4 |  4.0
Dodging        | 3 6 8 10 12 14 15 16 | 16.5
Armour         | 1 3 4 5 7 8 9 10 | 10.4
Shields        | 1 4 5 6 |  6.8
Crossbows      | 3 5 11 | 11.1
Stealth        | |  2.1
Spellcasting   | |  2.0
Summonings     | |  4.0

Action                   |  1- 3 |  4- 6 |  7- 9 | 10-12 | 13-15 | 16-18 || total
-------------------------+-------+-------+-------+-------+-------+-------++-------
Melee: Unarmed           |    23 |       |       |       |       |       ||    23
       Club              |   114 |       |       |       |       |       ||   114
       Short sword       |    43 |   251 |   285 |       |    24 |       ||   603
       Trident           |       |       |   147 |   880 |  1854 |     7 ||  2888
       Glaive            |       |       |       |       |   111 |   780 ||   891
       Bardiche          |       |       |       |       |     2 |    89 ||    91
 Fire: Hand crossbow     |       |       |       |       |    71 |   311 ||   382
       Triple crossbow   |       |       |       |       |       |     1 ||     1
 Cast: Summon Small Mamm |    14 |       |       |       |       |       ||    14
       Call Imp          |     8 |       |       |       |       |       ||     8
Invok: Berserk           |     4 |     8 |     6 |     3 |     6 |     4 ||    31
       Trog's Hand       |       |       |       |     1 |     4 |     3 ||     8
       Brothers in Arms  |       |       |       |       |     1 |     2 ||     3
Evoke: Wand              |       |     1 |     3 |     3 |     9 |     5 ||    21
  Use: Scroll            |     5 |       |    12 |     9 |     5 |     9 ||    40
       Potion            |       |       |       |     1 |     3 |     3 ||     7
 Stab: Sleeping          |       |     2 |     2 |     7 |    11 |     5 ||    27
       Distracted        |       |       |     2 |     2 |     1 |     1 ||     6
Armor: Robe              |    56 |       |       |       |       |       ||    56
       Leather armour    |       |    64 |   152 |    97 |       |       ||   313
       Ring mail         |       |    10 |       |       |       |    54 ||    64
       Steam dragon scal |       |       |       |    22 |   142 |    43 ||   207
       Acid dragon scale |       |       |       |       |       |   111 ||   111
Dodge: Dodged            |   155 |   180 |   212 |   268 |   658 |   642 ||  2115
Block: Kite shield       |       |       |    98 |   228 |       |       ||   326
       Buckler           |       |       |       |   167 |   891 |       ||  1058
       Other             |       |       |       |       |    37 |   155 ||   192
       Reflection        |       |       |       |       |       |     7 ||     7

Table legend: (Time is in decaauts)
 A = Elapsed time spent in this place.
 B = Non-inter-level travel time spent in this place.
 C = Inter-level travel time spent in this place.
 D = Time resting spent in this place.
 E = Time spent auto-exploring this place.
 F = Levels seen in this place.
 G = Mean time per level.
                   A        B        C        D        E       F      G
               +--------+--------+--------+--------+--------+-----+--------+
         Total |  45814 |  42944 |   2870 |  17107 |  12000 |  30 | 1527.1 |
       Dungeon |  23540 |  21887 |   1653 |   8830 |   6399 |  15 | 1569.3 |
          Lair |   7021 |   6268 |    753 |    979 |   2848 |   6 | 1170.2 |
     Snake Pit |   9494 |   9166 |    328 |   4712 |   1983 |   4 | 2373.5 |
  Orcish Mines |   2311 |   2176 |    135 |    741 |    387 |   2 | 1155.5 |
      Ice Cave |   2240 |   2240 |      0 |   1378 |    251 |   1 | 2240.0 |
       Volcano |    727 |    727 |      0 |    326 |      0 |   1 |  727.0 |
      Gauntlet |    478 |    478 |      0 |    140 |    132 |   1 |  478.0 |
               +--------+--------+--------+--------+--------+-----+--------+

Top non-repeatable levels by time:
 Snake:2: 2957 daAuts
     D:4: 2391 daAuts
 Snake:3: 2305 daAuts
     D:5: 2255 daAuts
 Snake:1: 2253 daAuts
   IceCv: 2240 daAuts
     D:1: 2049 daAuts
     D:8: 2045 daAuts
 Snake:4: 1978 daAuts
     D:9: 1931 daAuts
     D:3: 1781 daAuts
  Lair:6: 1656 daAuts
     D:7: 1651 daAuts
     D:6: 1585 daAuts
    D:11: 1528 daAuts
